 Dungeon Crawl Stone Soup version 0.17.1-3-g152610e (webtiles) character file.

67 Jerry the Conjurer (level 4, -2/27 HPs)
             Began as an Octopode Wizard on Mar 16, 2016.
             Was an Initiate of Vehumet.
             Slain by a gnoll (7 damage)
             ... on level 2 of the Dungeon.
             The game lasted 00:12:29 (1802 turns).

Jerry the Conjurer (Octopode Wizard)                Turns: 1802, Time: 00:12:29

Health: -2/27      AC:  1    Str:  6    XL:     4   Next: 16%
Magic:  2/8        EV: 12    Int: 21    God:    Vehumet [......]
Gold:   76         SH:  0    Dex: 10    Spells: 2 memorised, 5 levels left

rFire  . . .     SeeInvis .     i - +0 whip
rCold  . . .     Clarity  .     (no shield)
rNeg   . . .     SustAt   .     a - +0 hat
rPois  .         Gourm    .     (no amulet)
rElec  .         Spirit   .     w - ring of loudness (curse)
rCorr  .         Warding  .     (no ring)
rMut   .         Stasis   .     (no ring)
MR     .....                    (no ring)
Stlth  ++........               (no ring)
                                (no ring)
                                (no ring)
                                (no ring)

@: not resistant to hostile enchantments, unstealthy
A: almost no armour, amphibious, 8 rings, constrict 8, camouflage 1, gelatinous
body 1
a: Renounce Religion


You were on level 2 of the Dungeon.
You worshipped Vehumet.
Vehumet was noncommittal.
You were hungry.

You visited 1 branch of the dungeon, and saw 2 of its levels.

You collected 76 gold pieces.

Inventory:

Hand Weapons
 i - a +0 whip (weapon)
 k - a +0 hunting sling
Missiles
 p - 13 sling bullets
Armour
 a - a +0 hat (worn)
Jewellery
 w - a cursed ring of loudness (left tentacle)
Wands
 q - a wand of magic darts (23)
Scrolls
 d - a scroll of fear {unknown}
 e - a scroll of remove curse {unknown}
 f - a scroll of identify {unknown}
 h - a scroll of magic mapping {unknown}
 j - 2 scrolls of amnesia
 n - a scroll of noise {unknown}
 t - a scroll of recharging {unknown}
Potions
 l - a potion of brilliance {unknown}
 m - a potion of invisibility {unknown}
 r - a potion of haste {unknown}
 s - a potion of resistance {unknown}
 u - 2 potions of agility {unknown}
 v - a potion of poison {unknown}
Books
 b - a book of Minor Magic

   Spells                             Type                      Level
   a - Magic Dart                     Conjuration                  1
   b - Blink                          Translocation                2
   c - Call Imp                       Summoning                    2
   d - Repel Missiles                 Charms/Air                   2
   e - Slow                           Hexes                        2
   f - Conjure Flame                  Conjuration/Fire             3
   g - Mephitic Cloud                 Conjuration/Poison/Air       3
Comestibles
 c - 2 bread rations
 g - 4 meat rations


   Skills:
 - Level 2.0 Dodging
 - Level 2.6 Stealth
 - Level 3.0 Spellcasting
 * Level 3.4 Conjurations
   Level 1.0 Summonings
   Level 1.0 Translocations
 + Level 0.8 Air Magic
 + Level 1.2 Poison Magic


You had 5 spell levels left.
You knew the following spells:

 Your Spells              Type           Power        Failure   Level  Hunger
a - Magic Dart            Conj           ###.         3%          1    None
b - Mephitic Cloud        Conj/Pois/Air  ##......     21%         3    ###....


Dungeon Overview and Level Annotations

Branches:
Dungeon (2/15)

Altars:
Elyvilon
Fedhas
Vehumet
Yredelemnul


Innate Abilities, Weirdness & Mutations

You cannot wear most types of armour.
You are amphibious.
You can wear up to eight rings at the same time.
You can use your tentacles to constrict eight enemies at once.
Your skin changes colour to match your surroundings (Stealth).
Your rubbery body absorbs attacks (AC +1).


Message History

Aim: a gnoll (severely wounded)
The magic dart hits the gnoll.
The gnoll is severely wounded.
The gnoll hits you.
Casting: Magic Dart
Confirm with . or Enter, or press ? or * to list all spells.
Aiming: Magic Dart
Press: ? - help, Shift-Dir - straight line, f/p - gnoll
Aim: a gnoll (severely wounded)
The magic dart hits the gnoll.
The gnoll is almost dead.
The gnoll shouts!
The gnoll hits you!
* * * LOW HITPOINT WARNING * * *
Drink which item? (? for menu, Esc to quit)
Okay, then.
Read which item? (? for menu, Esc to quit)
Okay, then.
The gnoll hits you!
You die...

#.........# #.#
#####.##### #.#.# #.#
#.#.. #.# #.### #.#
#.### #.# #.... #.#
#.###
#.#################.#
#.....@g...g........#
#####################


You could see 2 gnolls.

Vanquished Creatures
  2 gnolls (D:2)
  An adder (D:2)
  2 bats
  6 giant cockroaches
  5 goblins
  3 hobgoblins
  3 jackals (D:1)
  A giant gecko (D:1)
  2 giant newts
  7 kobolds
  7 rats
39 creatures vanquished.

Notes
Turn   | Place    | Note
--------------------------------------------------------------
     0 | D:1      | Jerry the Octopode Wizard began the quest for the Orb.
     0 | D:1      | Reached XP level 1. HP: 11/11 MP: 4/4
     6 | D:1      | Noticed a water moccasin
     6 | D:1      | Noticed a polar bear
    11 | D:1      | Noticed an eight-headed hydra
   244 | D:1      | Reached XP level 2. HP: 17/17 MP: 1/6
  1106 | D:1      | Reached XP level 3. HP: 16/21 MP: 5/7
  1228 | D:2      | Learned a level 3 spell: Mephitic Cloud
  1358 | D:2      | Found a radiant altar of Vehumet.
  1365 | D:2      | Became a worshipper of Vehumet
  1369 | D:2      | Found a basalt altar of Yredelemnul.
  1376 | D:2      | Found a blossoming altar of Fedhas.
  1475 | D:2      | Found a white marble altar of Elyvilon.
  1601 | D:2      | Reached skill level 1 in Poison Magic
  1664 | D:2      | Reached XP level 4. HP: 27/27 MP: 4/8
  1802 | D:2      | Slain by a gnoll

Action                   |  1- 3 |  4- 6 || total
-------------------------+-------+-------++-------
Melee: Unarmed           |     7 |       ||     7
       Whip              |     8 |     1 ||     9
 Fire: Hunting sling     |     4 |       ||     4
 Cast: Magic Dart        |    79 |    15 ||    94
  Use: Scroll            |     3 |       ||     3
  Eat: Chunk             |     2 |       ||     2
